3A
BELLEVUE BRUINS @ PROVO MANGO
08/29/2022
 
TOP OF THE 1ST
Bellevue Bruins batting - Pitching for Provo Mango : LHP Marvin Mangin
Pitching: LHP Marvin Mangin
Batting: LHB Orlando López 0-0: Swinging Strike
0-1: Ball
1-1: Foul Ball, location: 2F
1-2: Fly out, F7 (Flyball, 78M)
Batting: RHB Leo Shoemaker 0-0: Ball
1-0: Ball
2-0: Ball
3-0: Called Strike
3-1: SINGLE (Line Drive, 7LM)
Batting: RHB Jesús Vargas 0-0: Called Strike
0-1: Fielders Choice at 2nd, 6-4 (Groundball, 6M)
Batting: RHB José Carlos Pérez 0-0: Ball
1-0: Called Strike
1-1: Ball
2-1: Ground out 4-3 (Groundball, 4)
Top of the 1st over - 0 run(s), 1 hit(s), 0 error(s), 1 left on base; Bellevue 0 - Provo 0
BOTTOM OF THE 1ST
Provo Mango batting - Pitching for Bellevue Bruins : RHP Juan Guillén
Pitching: RHP Juan Guillén
Batting: RHB Cristián Lima 0-0: Ball
1-0: Ball
2-0: Foul Ball, location: 2F
2-1: Swinging Strike
2-2: Strikes out looking
Batting: LHB Akihito Nishiyama 0-0: Ball
1-0: Called Strike
1-1: Foul Ball, location: 2F
1-2: Ball
2-2: Strikes out looking
Batting: RHB Santiago Ramos 0-0: Called Strike
0-1: Foul Ball, location: 2F
0-2: Ground out 5-3 (Groundball, 56S)
Bottom of the 1st over - 0 run(s), 0 hit(s), 0 error(s), 0 left on base; Bellevue 0 - Provo 0
TOP OF THE 2ND
Bellevue Bruins batting - Pitching for Provo Mango : LHP Marvin Mangin
Batting: RHB Nelson Abbey 0-0: Ball
1-0: Foul Ball, location: 2F
1-1: Foul Ball, location: 2F
1-2: Strikes out swinging
Batting: RHB Nick Hoskins 0-0: SINGLE (Line Drive, 6D)
Batting: SHB Jesús Rodríguez 0-0: Called Strike
0-1: Grounds into double play, 1-6-3 (Groundball, 15S)
Top of the 2nd over - 0 run(s), 1 hit(s), 0 error(s), 0 left on base; Bellevue 0 - Provo 0
BOTTOM OF THE 2ND
Provo Mango batting - Pitching for Bellevue Bruins : RHP Juan Guillén
Batting: RHB Rubén Campos 0-0: Ball
1-0: Ground out 5-3 (Groundball, 15S)
Batting: LHB Esteban Trujillo 0-0: Called Strike
0-1: Ball
1-1: Ground out 1-3 (Groundball, 13S)
Batting: RHB Lúcio Sánchez 0-0: Foul Ball, location: 2F
0-1: Foul Ball, location: 2F
0-2: SINGLE (Groundball, 6MD)
Batting: LHB Armando Villarreal 0-0: Ball
1-0: Called Strike
1-1: Foul Ball, location: 2F
1-2: Ball
2-2: Ball
3-2: SINGLE (Groundball, 34)
Lúcio Sánchez to second
Lúcio Sánchez to third
Batting: SHB Tom Oglander 0-0: Called Strike
0-1: Ball
1-1: Ball
2-1: Fly out, F8 (Flyball, 89M)
Bottom of the 2nd over - 0 run(s), 2 hit(s), 0 error(s), 2 left on base; Bellevue 0 - Provo 0
TOP OF THE 3RD
Bellevue Bruins batting - Pitching for Provo Mango : LHP Marvin Mangin
Batting: RHB Mark Bishop 0-0: Called Strike
0-1: Ball
1-1: Called Strike
1-2: Foul Ball, location: 2F
1-2: Ball
2-2: Ball
3-2: TRIPLE (Line Drive, 78S)
Batting: SHB Ramón García 0-0: Foul Ball, location: 2F
0-1: Ball
1-1: Foul Ball, location: 2F
1-2: Strikes out swinging
Batting: LHB Orlando López 0-0: Called Strike
0-1: Swinging Strike
0-2: Strikes out swinging
Batting: RHB Leo Shoemaker 0-0: Foul Ball, location: 2F
0-1: Ball
1-1: Ball
2-1: Foul Ball, location: 2F
2-2: Fly out, F2 (Popup, 25F)
Top of the 3rd over - 0 run(s), 1 hit(s), 0 error(s), 1 left on base; Bellevue 0 - Provo 0
BOTTOM OF THE 3RD
Provo Mango batting - Pitching for Bellevue Bruins : RHP Juan Guillén
Batting: RHB John Moss 0-0: Ball
1-0: Foul Ball, location: 2F
1-1: Swinging Strike
1-2: Ball
2-2: Foul Ball, location: 2F
2-2: Ball
3-2: Strikes out swinging
Batting: RHB Cristián Lima 0-0: Ball
1-0: Fly out, F3 (Popup, 9LSF)
Batting: LHB Akihito Nishiyama 0-0: Called Strike
0-1: Called Strike
0-2: Foul Ball, location: 2F
0-2: Ground out 6-3 (Groundball, 6M)
Bottom of the 3rd over - 0 run(s), 0 hit(s), 0 error(s), 0 left on base; Bellevue 0 - Provo 0
TOP OF THE 4TH
Bellevue Bruins batting - Pitching for Provo Mango : LHP Marvin Mangin
Batting: RHB Jesús Vargas 0-0: Called Strike
0-1: Swinging Strike
0-2: Strikes out looking
Batting: RHB José Carlos Pérez 0-0: Called Strike
0-1: SINGLE (Line Drive, 34D)
Batting: RHB Nelson Abbey 0-0: Ball
1-0: SINGLE (Flyball, 9LS)
José Carlos Pérez to second
Batting: RHB Nick Hoskins 0-0: Foul Ball, location: 2F
0-1: Ball
1-1: SINGLE (Groundball, 56D)
José Carlos Pérez to third
Nelson Abbey to second
Batting: SHB Jesús Rodríguez 0-0: Swinging Strike
0-1: Fly out, F8 (Flyball, 8LXD)
Runner from 3rd tags up, SCORES, no throw
Nelson Abbey to third
Batting: RHB Mark Bishop 0-0: Foul Ball, location: 2F
0-1: Called Strike
0-2: Ball
1-2: Foul Ball, location: 2F
1-2: Fly out, F8 (Flyball, 8RS)
Top of the 4th over - 1 run(s), 3 hit(s), 0 error(s), 2 left on base; Bellevue 1 - Provo 0
BOTTOM OF THE 4TH
Provo Mango batting - Pitching for Bellevue Bruins : RHP Juan Guillén
Batting: RHB Santiago Ramos 0-0: SINGLE (Groundball, 56D)
Batting: RHB Rubén Campos 0-0: Called Strike
0-1: Called Strike
0-2: Hit by Pitch
Santiago Ramos to second
Batting: LHB Esteban Trujillo 0-0: Called Strike
0-1: Ball
1-1: Swinging Strike
1-2: Grounds into double play, 6-4-3 (Groundball, 6M)
Santiago Ramos to third
Batting: RHB Lúcio Sánchez 0-0: Called Strike
0-1: Ball
1-1: Ball
2-1: Fly out, F9 (Flyball, 89S)
Bottom of the 4th over - 0 run(s), 1 hit(s), 0 error(s), 1 left on base; Bellevue 1 - Provo 0
TOP OF THE 5TH
Bellevue Bruins batting - Pitching for Provo Mango : LHP Marvin Mangin
Batting: SHB Ramón García 0-0: Fly out, F2 (Popup, 23F)
Batting: LHB Orlando López 0-0: Called Strike
0-1: Swinging Strike
0-2: Ball
1-2: Foul Ball, location: 2F
1-2: Ball
2-2: Strikes out swinging
Batting: RHB Leo Shoemaker 0-0: Called Strike
0-1: Ball
1-1: Ball
2-1: Swinging Strike
2-2: Strikes out looking
Top of the 5th over - 0 run(s), 0 hit(s), 0 error(s), 0 left on base; Bellevue 1 - Provo 0
BOTTOM OF THE 5TH
Provo Mango batting - Pitching for Bellevue Bruins : RHP Juan Guillén
Batting: LHB Armando Villarreal 0-0: Ball
1-0: Called Strike
1-1: Ball
2-1: Fly out, F8 (Flyball, 8RM)
Batting: SHB Tom Oglander 0-0: Ball
1-0: Ball
2-0: Ground out 1-3 (Groundball, 15S)
Batting: RHB John Moss 0-0: Swinging Strike
0-1: Ball
1-1: Fly out, F7 (Flyball, 7S)
Bottom of the 5th over - 0 run(s), 0 hit(s), 0 error(s), 0 left on base; Bellevue 1 - Provo 0
TOP OF THE 6TH
Bellevue Bruins batting - Pitching for Provo Mango : LHP Marvin Mangin
Batting: RHB Jesús Vargas 0-0: Called Strike
0-1: Foul Ball, location: 2F
0-2: Foul Ball, location: 2F
0-2: Foul Ball, location: 2F
0-2: Ball
1-2: Ground out 5-3 (Groundball, 56)
Batting: RHB José Carlos Pérez 0-0: SINGLE (Line Drive, 8RS)
Batting: RHB Nelson Abbey 0-0: Called Strike
0-1: Swinging Strike
0-2: Ball
1-2: Ground out 4-3 (Groundball, 13)
José Carlos Pérez to second
Batting: RHB Nick Hoskins 0-0: Hit by Pitch
Batting: SHB Jesús Rodríguez 0-0: Called Strike
0-1: Swinging Strike
0-2: Ball
1-2: Ball
2-2: Ball
3-2: Strikes out swinging
Top of the 6th over - 0 run(s), 1 hit(s), 0 error(s), 2 left on base; Bellevue 1 - Provo 0
BOTTOM OF THE 6TH
Provo Mango batting - Pitching for Bellevue Bruins : RHP Juan Guillén
Batting: RHB Cristián Lima 0-0: Ball
1-0: Ball
2-0: TRIPLE (Flyball, 89M)
Batting: LHB Akihito Nishiyama 0-0: SINGLE (Groundball, 34D)
Cristián Lima scores
Batting: RHB Santiago Ramos 0-0: Ball
1-0: Fly out, F7 (Flyball, 78M)
Pitching: RHP Jesús Díaz
Batting: RHB Rubén Campos 0-0: Ball
1-0: Fly out, F9 (Flyball, 89M)
Batting: LHB Esteban Trujillo 0-0: Called Strike
0-1: Ball
1-1: Ball
Throwing error on steal attempt, E2
Akihito Nishiyama to third
2-1: Foul Ball, location: 2F
2-2: Foul Ball, location: 2F
2-2: Foul Ball, location: 2F
2-2: Foul Ball, location: 2F
2-2: Ball
3-2: SINGLE (Groundball, 4MD)
Akihito Nishiyama scores
Batting: RHB Lúcio Sánchez 0-0: Ball
1-0: Called Strike
1-1: Ball
2-1: Ball
3-1: Called Strike
3-2: Ground out 4-3 (Groundball, 4M)
Bottom of the 6th over - 2 run(s), 3 hit(s), 1 error(s), 1 left on base; Bellevue 1 - Provo 2
TOP OF THE 7TH
Bellevue Bruins batting - Pitching for Provo Mango : LHP Marvin Mangin
Batting: RHB Mark Bishop 0-0: Ball
1-0: Swinging Strike
1-1: Ball
2-1: Foul Ball, location: 2F
2-2: Ball
3-2: Strikes out looking
Batting: SHB Ramón García 0-0: Called Strike
0-1: Swinging Strike
0-2: Ball
1-2: Strikes out swinging
Batting: LHB Orlando López 0-0: Fly out, F9 (Popup, 4D)
Top of the 7th over - 0 run(s), 0 hit(s), 0 error(s), 0 left on base; Bellevue 1 - Provo 2
BOTTOM OF THE 7TH
Provo Mango batting - Pitching for Bellevue Bruins : RHP Jesús Díaz
Batting: LHB Armando Villarreal 0-0: Ball
1-0: Called Strike
1-1: Swinging Strike
1-2: Ball
2-2: Ground out 4-3 (Groundball, 34)
Batting: SHB Tom Oglander 0-0: Ball
1-0: Foul Ball, location: 2F
1-1: Swinging Strike
1-2: Ground out 3-1 (Groundball, 34)
Batting: RHB John Moss 0-0: Called Strike
0-1: SOLO HOME RUN (Flyball, 78XD), Distance : 447 ft
Batting: RHB Cristián Lima 0-0: Called Strike
0-1: Ball
1-1: Ball
2-1: Foul Ball, location: 2F
2-2: Strikes out swinging
Bottom of the 7th over - 1 run(s), 1 hit(s), 0 error(s), 0 left on base; Bellevue 1 - Provo 3
TOP OF THE 8TH
Bellevue Bruins batting - Pitching for Provo Mango : LHP Marvin Mangin
Batting: RHB Leo Shoemaker 0-0: Ball
1-0: Swinging Strike
1-1: Swinging Strike
1-2: Strikes out looking
Batting: RHB Jesús Vargas 0-0: Ground out 6-3 (Groundball, 6)
Batting: RHB José Carlos Pérez 0-0: Called Strike
0-1: Called Strike
0-2: Ball
1-2: Foul Ball, location: 2F
1-2: Strikes out swinging
Top of the 8th over - 0 run(s), 0 hit(s), 0 error(s), 0 left on base; Bellevue 1 - Provo 3
BOTTOM OF THE 8TH
Provo Mango batting - Pitching for Bellevue Bruins : RHP Jesús Díaz
Batting: LHB Akihito Nishiyama 0-0: Ball
1-0: Ball
2-0: Ball
3-0: Called Strike
3-1: Called Strike
3-2: Base on Balls
Batting: RHB Santiago Ramos 0-0: Ball
1-0: Ball
2-0: Foul Ball, location: 2F
2-1: Swinging Strike
2-2: Strikes out swinging
Batting: RHB Rubén Campos 0-0: Called Strike
0-1: Called Strike
0-2: Ball
1-2: Ball
Akihito Nishiyama steals 2nd base
2-2: Ground out 5-3 (Groundball, 56)
Batting: LHB Esteban Trujillo 0-0: Fly out, F4 (Line Drive, 4)
Bottom of the 8th over - 0 run(s), 0 hit(s), 0 error(s), 1 left on base; Bellevue 1 - Provo 3
TOP OF THE 9TH
Bellevue Bruins batting - Pitching for Provo Mango : LHP Marvin Mangin
Pitching: RHP Enrique García
Batting: RHB Nelson Abbey 0-0: Called Strike
0-1: Ball
1-1: Swinging Strike
1-2: Strikes out swinging
Batting: RHB Nick Hoskins 0-0: Called Strike
0-1: Ground out 6-3 (Groundball, 6)
Batting: SHB Jesús Rodríguez 0-0: Swinging Strike
0-1: Ball
1-1: Swinging Strike
1-2: Ball
2-2: Strikes out swinging
Top of the 9th over - 0 run(s), 0 hit(s), 0 error(s), 0 left on base; Bellevue 1 - Provo 3
This league is powered by Out of the Park Baseball, the baseball management simulation game for PC, Mac and Linux
Friday, April 15th, 2016 - OOTP Baseball 16.9 Build 39